Cogmind - Beta 14 @@@ ROGUE MODE // 2024.08.11 @ 09:12:51 Player: Dosh Result: Escaped! Performance ------------- Evolutions (9) 4500 Regions Visited (24) 4800 Robots Destroyed (412) 2060 Value Destroyed (19895) 19895 Prototype IDs (54) 1080 Alien Tech Used (1) 200 Bonus (16743) 16743 TOTAL SCORE: 49278 Bonus ------- High Alert Combat Kills 5561 Follower Combat Kills 2713 Network Hubs Disabled 600 Registered with UFD 300 Met Data Miner 300 Met Warlord at Base 500 MAIN.C Attacked Warlord 500 Warlord Defense Kills 2128 Built Enhanced Grunts 300 Met R17 at Cetus 500 Met R17 at Research 2000 Win 3000 Friendly Fire -1659 Cogmind --------- Core Integrity 1296/1600 Matter 189/300 Energy 99/100 System Corruption 10% Temperature Cool (0) Movement Core (50) Location To Epsilon Eridani Parts ------- > --- POWER (3) -------- (None) > --- PROPULSION (8) --- Biometal Heavy Treads Advanced Heavy Siege Treads High-density Centrium Heavy Treads High-density Centrium Heavy Treads > --- UTILITY (11) ----- Graphene Brace Advanced System Shield > --- WEAPON (4) ------- (None) > --- INVENTORY (5) ---- Nova Cannon Linear Accelerator Smartbomb Launcher Micro-nuke Launcher Peak State ------------ > --- POWER ------------ Particle Reactor Vortex Chain Reactor > --- PROPULSION ------- Biometal Medium Treads Centrium Heavy Treads Centrium Heavy Treads Experimental Biometal Medium Treads > --- UTILITY ---------- Experimental Heat Sink Huge Storage Unit Spectral Analyzer Experimental Targeting Computer Improved Weapon Cycler Centrium Medium Armor Plating Remote Force Field Improved Hacking Suite System Mapper > --- WEAPON ----------- Enhanced Nova Cannon Railgun Railgun Advanced KE Penetrator > --- INVENTORY -------- Light Particle Reactor Advanced Medium Treads Energy Well Experimental Sensor Array Improved Salvage Targeting Computer Core Analyzer Advanced Transmission Jammer Centrium Medium Armor Plating Thermal Barrier Experimental EM Disruption Field A0-MCA's Component Scanner High-powered Tractor Beam Improved Trap Extractor Vortex Rifle Vortex Rifle Vortex Rail Vortex Rail Compact HERF Cannon Coil Gun Coil Gun Coil Gun Smartbomb Launcher Micro-nuke Launcher Advanced Remote Datajack [Rating: 188] Favorites ----------- Power Quantum Reactor Engine Ion Engine Power Core Neutrino Core Reactor Quantum Reactor Propulsion Centrium Heavy Treads Treads Centrium Heavy Treads Leg Improved Carbon-fiber Leg Wheel Wheel Flight Unit Field Propulsion Array Utility Huge Storage Unit Device Improved Weapon Cycler Storage Huge Storage Unit Processor Enhanced Optical Array Hackware Improved Hacking Suite Protection Centrium Medium Armor Plating Weapon Improved Spread Laser Energy Gun Improved Spread Laser Energy Cannon Heavy Phase Cannon Ballistic Gun Railgun Ballistic Cannon Heavy Assault Cannon Launcher Smartbomb Launcher Special Weapon Remote Datajack Impact Weapon Maul Special Melee Weapon Datajack Build | -11 -10 -10 -8 -8 -6 -6 -6 -6 -5 -5 -5 -5 -5 -5 -4 -4 -4 -4 -3 -3 -3 -3 -2 -1 ------- Run | Yrd Mat Sub Rec Scr Fac Low Low Dat Pro Fac Ext Cet Arc Hub Fac Upp Upp War Pro Res Arm Lab Res Acc Slots Evolved 18 | . . . . . 8 . . . . 2 . . . . 2 . . . . 2 . . 2 2 Power 1 | . . . . . 1 . . . . . . . . . . . . . . . . . . . Propulsion 6 | . . . . . 2 . . . . 1 . . . . . . . . . 1 . . 1 1 Utility 9 | . . . . . 3 . . . . 1 . . . . 2 . . . . 1 . . 1 1 Weapon 2 | . . . . . 2 . . . . . . . . . . . . . . . . . . . Parts Attached 425 | 5 12 17 3 3 85 4 12 . 9 11 50 12 5 13 61 6 5 15 5 23 49 . 9 11 Power 48 | 1 . 1 1 . 16 2 2 . 1 1 7 4 . 1 2 . 1 2 1 1 3 . . 1 Engine 24 | 1 . 1 1 . 13 2 2 . . . 3 . . . 1 . . . . . . . . . Core 11 | . . . . . 3 . . . 1 1 4 . . . . . 1 . 1 . . . . . Reactor 13 | . . . . . . . . . . . . 4 . 1 1 . . 2 . 1 3 . . 1 Propulsion 101 | 2 1 6 . 1 28 . 3 . 5 1 24 2 . . 4 . . . 2 3 11 . 4 4 Treads 43 | 2 1 5 . 1 2 . . . 1 . 8 2 . . 4 . . . 1 3 9 . . 4 Leg 31 | . . . . . 9 . 2 . 3 . 16 . . . . . . . 1 . . . . . Wheel 21 | . . 1 . . 17 . 1 . 1 1 . . . . . . . . . . . . . . Hover . | . . . . . . . . . . . . . . . . . . . . . . . . . Flight 6 | . . . . . . . . . . . . . . . . . . . . . 2 . 4 . Utility 133 | . 2 3 1 2 24 2 4 . 3 4 11 1 4 8 25 6 1 3 . 8 17 . 2 2 Device 92 | . . . . . 14 2 4 . 3 4 6 . 2 6 24 4 1 2 . 4 14 . . 2 Storage 6 | . 1 1 . 2 2 . . . . . . . . . . . . . . . . . . . Processor 6 | . 1 . . . 2 . . . . . . . . 1 . . . 1 . . 1 . . . Hackware 6 | . . . . . . . . . . . . . 1 . 1 . . . . 3 . . 1 . Protection 23 | . . 2 1 . 6 . . . . . 5 1 1 1 . 2 . . . 1 2 . 1 . Artifact . | . . . . . . . . . . . . . . . . . . . . . . . . . Weapon 143 | 2 9 7 1 . 17 . 3 . . 5 8 5 1 4 30 . 3 10 2 11 18 . 3 4 Energy Gun 19 | 1 . . . . 6 . 2 . . 4 . . . . . . . 2 . . 4 . . . Energy Cannon 21 | . . . . . 2 . . . . 1 . . . . 5 . 1 . . . 5 . 3 4 Ballistic Gun 81 | 1 6 4 . . 5 . 1 . . . 7 5 1 4 20 . 2 6 2 8 9 . . . Ballistic Cannon 4 | . 1 1 1 . 1 . . . . . . . . . . . . . . . . . . . Launcher 8 | . . . . . 1 . . . . . . . . . 2 . . 2 . 3 . . . . Special Weapon 4 | . . . . . . . . . . . 1 . . . 3 . . . . . . . . . Impact Weapon 5 | . 1 2 . . 2 . . . . . . . . . . . . . . . . . . . Slashing Weapon . | . . . . . . . . . . . . . . . . . . . . . . . . . Piercing Weapon . | . . . . . . . . . . . . . . . . . . . . . . . . . Special Melee Weapon 1 | . 1 . . . . . . . . . . . . . . . . . . . . . . . Unidentified Prototypes 19 | . . . . . 2 . . . . . . 3 . 2 . . 1 4 2 2 . . 2 1 Corrupted Parts 2 | . . . . . . . . . . . . . . . . . . . . . 1 . . 1 System Corruption 20 | . . . . . . . . . . . . . . . . . . . . . 10 . . 10 Parts Lost 102 | . . 3 . . 32 2 4 . 2 6 15 . . . 10 . . . 1 1 21 . 3 2 Power 20 | . . 1 . . 8 2 . . . . 2 . . . 2 . . . 1 . 4 . . . Propulsion 37 | . . 2 . . 11 . 2 . 2 2 7 . . . 3 . . . . . 5 . 2 1 Utility 21 | . . . . . 6 . 1 . . 1 3 . . . 3 . . . . 1 5 . . 1 Weapon 24 | . . . . . 7 . 1 . . 3 3 . . . 2 . . . . . 7 . 1 . Highest Loss Streak 11 | . . 1 . . 8 1 3 . 1 3 11 . . . 9 . . . 1 1 8 . 1 1 To Critical Strikes 1 | . . . . . . . . . . . . . . . . . . . . . 1 . . . Average Slot Usage (%) 85 | . 97 87 82 85 75 92 99 100 99 85 92 90 86 87 87 83 84 79 80 84 80 4 13 23 Engine 6 | . 14 12 5 14 8 11 13 13 8 2 2 . . . . 5 5 1 . . . . . . Core 1 | . . . . . 1 . . . 4 8 8 1 . . . . 2 1 2 . . . . . Reactor 3 | . . . . . . . . . . . . 8 11 11 9 5 5 6 6 8 8 . . 2 Treads 15 | . 27 26 28 28 2 . . . . . 10 21 17 17 14 10 10 10 12 17 16 . . 7 Leg 3 | . . . . . 12 . 7 13 23 15 14 . . . . . . . . . . . . . Wheel 2 | . . . . . 5 26 18 13 2 1 . . . . . . . . . . . . . . Device 10 | . . . . . 14 13 19 20 20 22 18 17 15 11 19 15 15 15 15 12 14 . . 2 Storage 6 | . 13 5 14 14 5 6 6 6 6 5 5 5 5 5 5 5 5 5 5 4 3 . . . Processor 5 | . 12 . . . 4 6 6 6 6 5 5 5 5 5 10 10 10 10 10 9 8 . . . Hackware 1 | . . . . . . . . . . . . . . . 4 5 5 5 5 8 7 . 2 3 Protection 5 | . . 12 10 14 2 . . . . . 3 4 5 9 . 4 5 5 5 4 2 . . . Energy Gun 4 | . . . . . 4 26 25 26 26 20 10 . . . . . . . . . 1 . . . Ballistic Gun 11 | . 27 14 10 . 1 . . . . . 9 22 23 23 19 15 19 17 17 17 15 . . . Ballistic Cannon 4 | . . 12 14 14 3 . . . . . . . . . . . . . . . . . . . Peak Build Rating 188 | 5 11 16 17 22 72 61 69 67 83 86 102 126 132 137 154 132 136 158 165 186 188 11 50 103 Average Rating 80 | 3 9 13 14 19 55 53 66 67 77 79 84 110 129 129 145 130 133 144 159 183 169 11 32 78 On Entrance 76 | . 5 11 13 17 22 61 61 67 67 83 76 83 126 129 131 120 132 136 156 165 186 11 11 38 Naked Turns 2 | . . . . . . . . . . . . . . . . . . . . . 2 . . . Heaviest Build 180 | 9 31 34 40 100 170 110 120 118 118 119 141 150 160 167 164 147 157 175 172 178 180 . 13 21 Greatest Support 235 | 40 40 40 40 43 91 40 46 26 76 76 125 183 183 183 190 160 160 160 200 235 235 8 24 24 Greatest Overweight (x) 32 | 2 . 1 . 2 32 2 4 4 11 11 11 1 . . . . . 1 1 1 2 . . 2 Average Overweight (x) . | . . . . 1 2 2 3 4 1 4 2 . . . . . . . . . . . . . Largest Inventory Capacity 25 | 5 15 15 15 25 25 25 25 25 25 25 25 25 25 25 25 25 25 25 25 25 25 5 5 5 Average Capacity 20 | 5 14 8 15 20 21 25 25 25 25 25 25 25 25 25 25 25 25 25 25 25 24 5 5 5 Most Carried 25 | 1 12 15 15 21 25 25 25 25 25 25 25 25 25 25 25 17 20 25 25 25 25 5 5 5 Average Carried 19 | . 6 7 14 19 17 24 24 25 24 23 24 24 24 24 23 16 18 21 23 24 23 5 4 4 Final Capacity 25 | 5 15 15 15 25 25 25 25 25 25 25 25 25 25 25 25 25 25 25 25 25 5 5 5 5 Final Carried 25 | 1 11 15 15 21 25 24 25 25 25 25 25 25 25 24 15 17 18 23 23 25 5 5 5 5 Class Distribution -------------------- 28% | Mutant 23% | Scavenger-Tank 10% | Derelict-Mutant 10% | Scavenger-Gunner 8% | Scavenger-Skirmisher 4% | Commander-Tank 3% | Gunner Dominant Class ---------------- Mutant | -10/Materials Derelict-Mutant | -10/Subcaves Derelict-Mutant | -8/Recycling Mutant | -8/Scraptown Mutant | -6/Factory Scavenger-Skirmisher | -6/Lower Caves Gunner | -6/Lower Caves Gunner | -6/Data Miner Scavenger-Skirmisher | -5/Proximity Caves Scavenger-Skirmisher | -5/Factory Scavenger-Tank | -5/Extension Commander-Tank | -5/Cetus Commander-Skirmisher | -5/Archives Commander-Tank | -5/Hub_04(d) Scavenger-Gunner | -4/Factory Scavenger-Tank | -4/Upper Caves Scavenger-Tank | -4/Upper Caves Scavenger-Tank | -4/Warlord Scavenger-Tank | -3/Proximity Caves Scavenger-Tank | -3/Research Scavenger-Tank | -3/Armory Scavenger-Tank | -3/Lab Mutant | -2/Research Mutant | -1/Access Resources | -11 -10 -10 -8 -8 -6 -6 -6 -6 -5 -5 -5 -5 -5 -5 -4 -4 -4 -4 -3 -3 -3 -3 -2 -1 ----------- Run | Yrd Mat Sub Rec Scr Fac Low Low Dat Pro Fac Ext Cet Arc Hub Fac Upp Upp War Pro Res Arm Lab Res Acc Matter Collected 15341 | 224 501 944 95 20 2310 50 282 . 76 184 896 317 515 651 3215 203 255 592 359 807 2674 . 101 70 Remotely 2472 | . . . . . . . . . . . . . . . 1493 . . . . . 979 . . . Salvage Created 20153 | . 512 519 133 . 2719 155 236 . 317 395 1742 142 440 648 5312 110 218 646 604 1159 4146 . . . Parts 871 | . 42 32 5 . 113 6 8 . 10 17 69 7 18 29 230 7 7 8 19 40 204 . . . Haulers Intercepted 8 | . 2 . . . 3 . . . . . . . . 1 . . . . 1 1 . . . . Recyclers Shooed 8 | . . . . . 3 . . . . . 1 . . . 3 . . . . 1 . . . . Parts Field Recycled . | . . . . . . . . . . . . . . . . . . . . . . . . . Retrieved Matter . | . . . . . . . . . . . . . . . . . . . . . . . . . Parts Self-Destructed 112 | . . 10 . . . 7 13 . 51 . . . . . . 7 7 . 17 . . . . . Prevented 9 | . . . . . . 2 3 . . . . . . . . . 4 . . . . . . . Kills | -11 -10 -10 -8 -8 -6 -6 -6 -6 -5 -5 -5 -5 -5 -5 -4 -4 -4 -4 -3 -3 -3 -3 -2 -1 ------- Run | Yrd Mat Sub Rec Scr Fac Low Low Dat Pro Fac Ext Cet Arc Hub Fac Upp Upp War Pro Res Arm Lab Res Acc Combat Hostiles Destroyed 315 | . 12 13 3 . 40 4 7 . 6 11 29 2 1 5 73 1 3 15 12 14 64 . . . Melee 2 | . . . . . 2 . . . . . . . . . . . . . . . . . . . Guns 231 | . 12 13 2 . 6 4 7 . 6 11 28 2 1 5 61 1 3 1 1 4 63 . . . Cannons 27 | . . . 1 . 26 . . . . . . . . . . . . . . . . . . . AOE 49 | . . . . . 1 . . . . . . . . . 12 . . 14 11 10 1 . . . Classes Destroyed 27 | . 5 3 . . 8 2 1 . 1 . . . . . 2 . . 1 1 1 2 . . . Worker 31 | . . . . . 17 . . . . . . . . 3 10 . . . . 1 . . . . Builder 15 | . . . . . 5 . . . . . . . . . 9 . . . . 1 . . . . Tunneler 5 | . . . . . 3 . . . . . 1 . . . 1 . . . . . . . . . Hauler 8 | . 2 . . . 3 . . . . . . . . 1 . . . . 1 1 . . . . Recycler 15 | . 1 . . . 3 . . . . 1 1 . . . 6 . . . . 3 . . . . Minesweeper 3 | . . . . . . 1 . . 1 . . . . . . 1 . . . . . . . . Mechanic 6 | . . . . . 2 . . . . . . . . . 1 . . 1 . . 2 . . . Operator 10 | . . . . . 1 . . . . . 2 . 6 . 1 . . . . . . . . . Drone 3 | . . . . . . . . . 1 . . . . . . . . . 2 . . . . . Turret 2 | . . 2 . . . . . . . . . . . . . . . . . . . . . . Watcher 11 | . 3 . . . 1 . . . . 1 1 . . . 1 . . . . 1 3 . . . Swarmer 41 | . 6 4 . . 4 . 2 . . 7 . . . . 4 . . . . 5 9 . . . Saboteur 5 | . . . . . . . . . . . . . . . 2 . . . . . 3 . . . Grunt 137 | . 6 1 . . 24 . 2 . 3 . 17 . . . 41 1 1 9 4 6 22 . . . Brawler 15 | . . . . . . 2 . . 1 1 . . . . 3 . . 2 . . 6 . . . Duelist 6 | . . . . . 1 . . . . 1 . . . . 3 . . . . . 1 . . . Protector 5 | . . . . . . . . . . . . . . . 2 . . 1 1 . 1 . . . Sentry 23 | . . 1 3 . 2 1 1 . 1 . 7 . 1 1 3 . . . . . 2 . . . Specialist 5 | . . . . . . . . . . . . . . . . . . . 2 . 3 . . . Hunter 26 | . . . . . 4 1 . . . 2 3 . . 1 9 . 2 . 1 2 1 . . . Programmer 26 | . . . . . 5 . . . . . . . . . 6 . . 1 2 . 12 . . . Heavy 1 | . . . . . . . . . . . . . . . . . . . . . 1 . . . Behemoth 3 | . . . . . . . 1 . . . 1 . . . . . . 1 . . . . . . Armor Guard 2 | . . . . . . . . . . . . . . . . . . . . . 2 . . . Cetus Guard 2 | . . . . . . . . . . . . 2 . . . . . . . . . . . . Lightning 3 | . . . . . . . . . . . . . . 3 . . . . . . . . . . Striker 1 | . . . . . . . . . . . . . . . . . . 1 . . . . . . Executioner 1 | . . . . . . . . . . . . . . . . . . . . 1 . . . . Subdweller 7 | . . 7 . . . . . . . . . . . . . . . . . . . . . . Scrapoid 1 | . . . . . . . . . . . . . . . . . . . . . 1 . . . Thug 2 | . . . . . . . 1 . . . . . 1 . . . . . . . . . . . Savage 2 | . . . . . . . . . . . . . . 2 . . . . . . . . . . Butcher 1 | . . . . . . . . . . . . . 1 . . . . . . . . . . . Guerrilla 2 | . . . . . . . . . . . 2 . . . . . . . . . . . . . Best Kill Streak 13 | . 3 4 1 . 8 3 3 . 2 7 8 1 2 4 13 1 1 10 6 8 10 . . . Combat Bots Only 11 | . 3 4 1 . 6 3 3 . 2 6 8 1 1 3 11 1 1 9 5 8 9 . . . Max Kills in Single Turn 4 | . 1 1 1 . 4 2 1 . 1 1 2 1 2 2 3 1 1 4 2 3 3 . . . Gunslinging 1 | . . . . . . 1 . . . . 1 . . . 1 . . . . . 1 . . . Exploded 4 | . . . . . 1 . . . . . . . . . 2 . . 4 2 3 1 . . . Melee 1 | . . . . . 1 . . . . . . . . . . . . . . . . . . . Uniques/NPCs Destroyed . | . . . . . . . . . . . . . . . . . . . . . . . . . Combat | -11 -10 -10 -8 -8 -6 -6 -6 -6 -5 -5 -5 -5 -5 -5 -4 -4 -4 -4 -3 -3 -3 -3 -2 -1 -------- Run | Yrd Mat Sub Rec Scr Fac Low Low Dat Pro Fac Ext Cet Arc Hub Fac Upp Upp War Pro Res Arm Lab Res Acc Hostile Shots Fired 2291 | . 58 82 10 . 470 56 43 . 25 59 168 1 2 39 367 6 53 5 41 34 463 . 159 150 Missed 660 | . 11 24 2 . 138 25 11 . 9 6 38 1 . 7 76 1 10 2 19 3 131 . 85 61 Damage Taken 27595 | . 507 921 117 . 5068 256 465 . 338 723 2671 41 87 950 4358 56 640 149 220 498 5702 . 1793 2035 Core 3452 | . 94 62 31 . 424 20 21 . 49 61 354 . . 11 313 12 28 . 13 17 561 . 1077 304 Absorbed by Shields 5259 | . . . . . 363 58 . . . 21 77 39 . 147 1689 55 125 55 211 354 2034 . . 31 Reduced by Siege Mode 1055 | . . . . . . . . . . . . . . 88 436 3 31 18 . 44 435 . . . Regen/Repaired (Parts) 2931 | . 104 . . . 128 . . . . 74 . . . . 911 . . . . 819 895 . . . Core Remaining (%) 56 | 100 . . . 25 . . . . 39 . . . . 57 . . . . 68 . . 55 25 81 Volleys Fired 997 | . 64 67 9 . 179 9 37 . 11 24 84 11 26 29 162 4 12 25 18 32 184 . 6 4 Largest 4 | . 2 2 2 . 4 4 4 . 4 4 4 4 4 4 4 4 4 4 4 4 4 . 1 1 Hottest 300 | . 58 64 64 . 300 300 300 . 300 300 225 124 124 131 195 195 195 135 135 135 220 . 120 113 Shots Fired 2764 | . 128 134 16 . 324 35 76 . 42 86 264 39 105 112 551 16 38 40 28 113 607 . 6 4 Gun 2413 | . 126 82 7 . 162 35 76 . 42 86 264 37 105 112 522 13 35 20 14 108 567 . . . Cannon 291 | . 2 52 9 . 156 . . . . . . . . . 16 3 3 . . . 40 . 6 4 Launcher 55 | . . . . . 6 . . . . . . . . . 10 . . 20 14 5 . . . . Special 5 | . . . . . . . . . . . . 2 . . 3 . . . . . . . . . Kinetic 2083 | . 128 134 16 . 213 . 22 . . . 85 37 105 112 522 13 35 20 14 108 519 . . . Thermal 572 | . . . . . 104 35 54 . 42 86 179 . . . 16 3 3 . . . 40 . 6 4 Explosive 49 | . . . . . . . . . . . . . . . 10 . . 20 14 5 . . . . Electromagnetic 7 | . . . . . 7 . . . . . . . . . . . . . . . . . . . Entropic 48 | . . . . . . . . . . . . . . . . . . . . . 48 . . . Robot Hit Streak 45 | . 13 25 9 . 15 8 8 . 9 10 26 18 19 9 45 9 8 12 27 37 34 . . . Robot Miss Streak 13 | . 6 3 2 . 6 4 8 . 11 13 8 3 3 6 3 3 2 1 . 4 6 . 2 . Penetration Max 2 | . . . . . 1 . . . . . . 1 1 1 2 . . . 2 1 1 . . . Secondary Targets 51 | . 1 1 . . . 2 . . 2 3 6 . 1 2 12 . . . . 2 19 . . . Max Gunslinging Chain 1 | . 1 1 . . . 1 . . 1 1 1 . 1 1 1 . . . . 1 1 . . . Shots Hit Robots 2001 | . 77 93 11 . 231 31 37 . 35 69 231 31 72 78 412 11 26 20 15 82 439 . . . Core Hits 1341 | . 27 32 6 . 148 30 49 . 45 72 236 15 29 32 230 5 10 85 42 54 188 . . 6 Critical Kills 31 | . 1 . . . 1 . . . . . . 1 . 2 10 . 1 1 . 1 13 . . . Critical Parts Destroyed 54 | . . . . . 12 . . . . . . 1 . 2 19 . . 1 1 1 17 . . . Critical Strikes 102 | . 1 4 . . 23 . . . . . . 2 1 4 30 . 1 2 1 2 31 . . . Destroy 74 | . 1 1 . . 2 . . . . . . 2 1 4 30 . 1 2 1 2 27 . . . Blast 13 | . . 3 . . 10 . . . . . . . . . . . . . . . . . . . Smash 11 | . . . . . 11 . . . . . . . . . . . . . . . . . . . Detonate 4 | . . . . . . . . . . . . . . . . . . . . . 4 . . . Melee Attacks 61 | . 7 8 . . 46 . . . . . . . . . . . . . . . . . . . Impact 61 | . 7 8 . . 46 . . . . . . . . . . . . . . . . . . . Slashing . | . . . . . . . . . . . . . . . . . . . . . . . . . Piercing . | . . . . . . . . . . . . . . . . . . . . . . . . . Sneak Attacks 5 | . . . . . 5 . . . . . . . . . . . . . . . . . . . Combat Hostiles . | . . . . . . . . . . . . . . . . . . . . . . . . . Follow-up Attacks . | . . . . . . . . . . . . . . . . . . . . . . . . . Damage Inflicted 67717 | . 951 1607 271 . 8393 680 826 . 719 1192 4850 584 1871 1750 15712 297 525 6341 3397 3995 13508 . . 248 Guns 43583 | . 929 940 92 . 2073 680 826 . 719 1181 4840 584 1871 1640 11365 227 491 261 414 1870 12580 . . . Cannons 4949 | . . 667 163 . 3945 . . . . . . . . . 70 70 34 . . . . . . . Explosions 17390 | . . . . . 773 . . . . . . . . 65 4207 . . 6080 2983 2125 928 . . 229 Melee 1541 | . . . . . 1541 . . . . . . . . . . . . . . . . . . . Ramming 254 | . 22 . 16 . 61 . . . . 11 10 . . 45 70 . . . . . . . . 19 Kinetic 38282 | . 929 1607 255 . 4923 . . . . . 1323 584 1871 1640 11365 227 491 261 414 1870 10522 . . . Thermal 10303 | . . . . . 1765 680 826 . 719 1181 3517 . . . 354 70 34 . . . 928 . . 229 Explosive 15111 | . . . . . . . . . . . . . . . 3923 . . 6080 2983 2125 . . . . Electromagnetic 168 | . . . . . 103 . . . . . . . . 65 . . . . . . . . . . Impact 1541 | . . . . . 1541 . . . . . . . . . . . . . . . . . . . Slashing . | . . . . . . . . . . . . . . . . . . . . . . . . . Piercing . | . . . . . . . . . . . . . . . . . . . . . . . . . Entropic 2058 | . . . . . . . . . . . . . . . . . . . . . 2058 . . . Highest Corruption 25 | . . . . . 14 14 14 14 14 4 4 4 4 20 10 10 10 10 2 1 25 25 5 10 Average Corruption 6 | . . . . . 6 14 14 14 14 3 4 4 3 9 6 10 10 10 1 1 5 25 3 10 Corruption Purged 4 | . . . . . . . . . . . . . 4 . . . . . . . . . . . Corruption Blocked . | . . . . . . . . . . . . . . . . . . . . . . . . . Effects 490 | . . . . . 69 24 44 4 50 13 51 13 4 20 64 20 23 . 6 12 58 . 5 10 Message Errors 117 | . . . . . 20 7 10 3 15 4 10 1 1 4 12 5 4 . . 4 12 . 3 2 Matter Fused 99 | . . . . . 12 2 9 1 9 3 11 5 1 4 11 4 7 . 3 2 13 . 1 1 Heat Flow Errors 57 | . . . . . 11 3 5 . 5 3 6 . . 2 1 4 5 . . 3 9 . . . Energy Discharges 49 | . . . . . 7 5 4 . 6 . 7 2 . 1 8 1 1 . 1 1 3 . 1 1 Parts Rejected 13 | . . . . . 1 . . . 1 . 1 . . . 2 1 . . . 1 6 . . . Parts Fused 8 | . . . . . 1 . 1 . 2 . 1 2 . . 1 . . . . . . . . . Data Loss (minor) 62 | . . . . . 8 4 8 . 7 2 7 2 . 6 9 2 2 . 1 . 3 . . 1 Data Loss (major) 25 | . . . . . 4 . 2 . 2 . 3 . . 2 5 1 1 . . 1 1 . . 3 Misfires 20 | . . . . . 2 1 2 . 1 . . 1 1 . 5 1 2 . . . 4 . . . Alerts 7 | . . . . . 3 . . . . . 1 . 1 . . 1 . . 1 . . . . . Misdirections 5 | . . . . . . . . . . . . . . . 1 . . . . . 2 . . 2 Weapon Failures 28 | . . . . . . 2 3 . 2 1 4 . . 1 9 . 1 . . . 5 . . . Overload Shots . | . . . . . . . . . . . . . . . . . . . . . . . . . Overflow Damage 1394 | . . 10 . . 834 . . . . . . . . . 246 . . 96 93 14 101 . . . Projectiles 173 | . . 10 . . 163 . . . . . . . . . . . . . . . . . . . Explosions 702 | . . . . . 152 . . . . . . . . . 246 . . 96 93 14 101 . . . Melee 519 | . . . . . 519 . . . . . . . . . . . . . . . . . . . Knockbacks 60 | . . 11 . . 48 . . . . . . . . . . . . . . . . . . 1 Impact 14 | . . . . . 13 . . . . . . . . . . . . . . . . . . 1 Kinetic 43 | . . 11 . . 32 . . . . . . . . . . . . . . . . . . . Secondary 3 | . . . . . 3 . . . . . . . . . . . . . . . . . . . Self-Inflicted Damage 636 | . . . . . 200 . . . . . . . . 70 159 . . . 79 . 119 . . 9 Shots 11 | . . . . . 3 . . . . . . . . 1 4 . . . 1 . 2 . . . Rammed 22 | . 5 . 3 . 2 . . . . . 1 . . 3 5 . . . . . . . . 3 Targets Rammed 31 | . 6 . 3 . 8 . . . . 1 2 . . 3 5 . . . . . . . . 3 Kicked 7 | . . . . . 5 . . . . 1 1 . . . . . . . . . . . . . Crushed 2 | . 1 . . . 1 . . . . . . . . . . . . . . . . . . . Highest Temperature 532 | . 20 10 44 . 456 298 397 . 402 532 245 76 198 402 506 232 268 327 123 371 430 . 57 47 Average Temperature 104 | . 4 4 19 . 108 96 142 . 136 200 92 24 79 182 67 85 87 128 48 124 90 . 26 13 Received Heat Transfer 5049 | . 195 201 63 . 1434 40 123 . 45 . 606 . . 8 944 18 . 12 6 14 1001 . 117 222 Effects 50 | . . . . . 13 . 1 . 5 15 . . . 8 2 . . . . 2 4 . . . Shutdowns 11 | . . . . . 4 . . . 1 5 . . . . 1 . . . . . . . . . Energy Bleed 9 | . . . . . 3 . 1 . 1 1 . . . . . . . . . 2 1 . . . Interference 17 | . . . . . 5 . . . 3 5 . . . 3 . . . . . . 1 . . . Matter Decay 5 | . . . . . . . . . . 2 . . . 2 . . . . . . 1 . . . Short Circuit 2 | . . . . . 1 . . . . . . . . 1 . . . . . . . . . . Damage (minor) 6 | . . . . . . . . . . 2 . . . 2 1 . . . . . 1 . . . Siege Activations 51 | . . . . . . . . . . . . . . 1 24 1 2 1 1 2 19 . . . Total Turns 993 | . . . . . . . . . . . . . . 48 423 7 11 31 8 61 404 . . . Longest Duration 69 | . . . . . . . . . . . . . . 48 60 7 8 31 8 31 69 . . . Robots Corrupted 8 | . . . . . 8 . . . . . . . . . . . . . . . . . . . Combat Hostiles 5 | . . . . . 5 . . . . . . . . . . . . . . . . . . . Parts Fried 7 | . . . . . 6 . . . . . . . . . 1 . . . . . . . . . Impact Corruptions 21 | . . . . . 21 . . . . . . . . . . . . . . . . . . . Robots Melted 1 | . . . . . . . . . . . 1 . . . . . . . . . . . . . Combat Hostiles 1 | . . . . . . . . . . . 1 . . . . . . . . . . . . . Parts Melted 8 | . . . . . 2 . . . . 1 3 . . . . . . 1 . . 1 . . . Heat Transferred 8788 | . . . . . 1725 560 695 . 615 975 2933 . . . 224 74 37 . . . 800 . . 150 Parts Sabotaged 9 | . . . . . 3 . . . . . . . . . 6 . . . . . . . . . Parts Stolen . | . . . . . . . . . . . . . . . . . . . . . . . . . Parts Stripped . | . . . . . . . . . . . . . . . . . . . . . . . . . Power Chain Reactions . | . . . . . . . . . . . . . . . . . . . . . . . . . Alert | -11 -10 -10 -8 -8 -6 -6 -6 -6 -5 -5 -5 -5 -5 -5 -4 -4 -4 -4 -3 -3 -3 -3 -2 -1 ------- Run | Yrd Mat Sub Rec Scr Fac Low Low Dat Pro Fac Ext Cet Arc Hub Fac Upp Upp War Pro Res Arm Lab Res Acc Peak Influence 2242 | . 156 . 128 . 799 . . . . 239 535 584 434 630 2242 . . . . 359 1755 . 405 627 Initial 308 | . . . . . . . . . . 152 65 299 153 . 308 . . . . . 85 . . 242 Average 407 | . 70 . 23 . 414 . . . . 158 235 475 221 236 900 . . . . 196 977 . 139 448 Maximum Alert Level 5 | . . . . . 3 . . . . 1 2 2 2 2 5 . . . . 1 5 . 2 2 Low Security (%) 38 | 100 100 . 100 . 11 . . . . 60 36 . 38 38 14 . . . . 52 10 . 64 . Level 1 29 | . . . . . 40 . . . . 39 57 16 52 55 18 . . . . 47 1 . 35 24 Level 2 12 | . . . . . 30 . . . . . 6 83 9 6 4 . . . . . 18 . . 75 Level 3 9 | . . . . . 18 . . . . . . . . . 29 . . . . . 24 . . . Level 4 5 | . . . . . . . . . . . . . . . 11 . . . . . 37 . . . Level 5 3 | . . . . . . . . . . . . . . . 20 . . . . . 7 . . . High Security . | . . . . . . . . . . . . . . . . . . . . . . . . . Max Security . | . . . . . . . . . . . . . . . . . . . . . . . . . Squads Dispatched 79 | . . . . . 18 . . . . 6 4 . . 3 23 . . . . 7 15 . . 3 Investigation 20 | . . . . . 3 . . . . . 2 . . 2 5 . . . . 4 2 . . 2 Extermination 15 | . . . . . 5 . . . . 1 . . . . 4 . . . . . 5 . . . Reinforcement 20 | . . . . . 5 . . . . 2 2 . . . 6 . . . . 3 1 . . 1 Assault 17 | . . . . . 2 . . . . . . . . . 8 . . . . . 7 . . . Garrison 7 | . . . . . 3 . . . . 3 . . . 1 . . . . . . . . . . Intercept . | . . . . . . . . . . . . . . . . . . . . . . . . . Searches Triggered 1 | . . . . . . . . . . . . . . . . . . . . . . . . 1 Construction Impeded 4 | . . . . . 3 . . . . . . . . . . . . . . . . . . 1 Haulers Reinforced 6 | . . . . . 2 . . . . . . . . . 2 . . . . 2 . . . . Active Scanning Responses . | . . . . . . . . . . . . . . . . . . . . . . . . . Cargo Convoy Interrupts . | . . . . . . . . . . . . . . . . . . . . . . . . . Stealth | -11 -10 -10 -8 -8 -6 -6 -6 -6 -5 -5 -5 -5 -5 -5 -4 -4 -4 -4 -3 -3 -3 -3 -2 -1 --------- Run | Yrd Mat Sub Rec Scr Fac Low Low Dat Pro Fac Ext Cet Arc Hub Fac Upp Upp War Pro Res Arm Lab Res Acc Distress Signals 27 | . 2 . . . . . . . 1 1 2 2 . . 5 . . 1 1 5 4 . 2 1 Communications Jammed 301 | . . . . . 2 . . . . . . . . . 291 . . . . . 8 . . . Distress Signals 290 | . . . . . . . . . . . . . . . 290 . . . . . . . . . Times Spotted 614 | . 20 16 3 . 60 6 10 . 12 16 57 10 21 13 116 2 3 30 10 37 110 . 35 27 Peak Tracking Total 19 | . 4 2 1 . 5 4 3 . 3 5 8 5 2 4 13 1 2 13 7 15 9 . 19 10 Tactical Retreats 46 | . . 3 . . 9 . 3 . . 2 3 . . . 2 . . . . . 10 . 7 7 Traps | -11 -10 -10 -8 -8 -6 -6 -6 -6 -5 -5 -5 -5 -5 -5 -4 -4 -4 -4 -3 -3 -3 -3 -2 -1 ------- Run | Yrd Mat Sub Rec Scr Fac Low Low Dat Pro Fac Ext Cet Arc Hub Fac Upp Upp War Pro Res Arm Lab Res Acc Traps Triggered 32 | . . 2 . . 7 . . . . 2 3 . . 3 4 . . . . 6 4 . . 1 Indirectly . | . . . . . . . . . . . . . . . . . . . . . . . . . Trap Hack Attempts 41 | . 41 . . . . . . . . . . . . . . . . . . . . . . . Triggered . | . . . . . . . . . . . . . . . . . . . . . . . . . Disarmed . | . . . . . . . . . . . . . . . . . . . . . . . . . Reprogrammed 5 | . 5 . . . . . . . . . . . . . . . . . . . . . . . Reused 8 | . 1 . . . . . 1 . . . . . . . 2 . . . . . 4 . . . Traps Extracted . | . . . . . . . . . . . . . . . . . . . . . . . . . Installed 9 | . . 1 . . . . 1 . . . . . . . 2 . . . . . 5 . . . Triggered 20 | . 1 . . . . . 2 . . . . . . 1 2 . 2 8 . . 4 . . . Most Traps Carried 6 | . . 1 1 . . 6 6 4 6 6 6 6 6 6 6 6 6 6 6 6 6 . . . Machines | -11 -10 -10 -8 -8 -6 -6 -6 -6 -5 -5 -5 -5 -5 -5 -4 -4 -4 -4 -3 -3 -3 -3 -2 -1 ---------- Run | Yrd Mat Sub Rec Scr Fac Low Low Dat Pro Fac Ext Cet Arc Hub Fac Upp Upp War Pro Res Arm Lab Res Acc Machines Disabled 64 | . . 2 . . 12 . . . . . . . 5 6 22 . . . . . 16 . . 1 Max in Single Turn 9 | . . 1 . . 8 . . . . . . . 1 5 9 . . . . . 1 . . 1 Garrison Access 2 | . . . . . 1 . . . . . . . . . 1 . . . . . . . . . Network Hub 3 | . . . . . . . . . . . . . . 3 . . . . . . . . . . Energy Cycler 1 | . . . . . . . . . . . . . . . . . . . . . . . . 1 Machines Repaired . | . . . . . . . . . . . . . . . . . . . . . . . . . Machines Dismantled . | . . . . . . . . . . . . . . . . . . . . . . . . . Machines Sabotaged 2 | . . . . . . . . . . . . . . 2 . . . . . . . . . . Overloaded Fab Kills . | . . . . . . . . . . . . . . . . . . . . . . . . . Hacking | -11 -10 -10 -8 -8 -6 -6 -6 -6 -5 -5 -5 -5 -5 -5 -4 -4 -4 -4 -3 -3 -3 -3 -2 -1 --------- Run | Yrd Mat Sub Rec Scr Fac Low Low Dat Pro Fac Ext Cet Arc Hub Fac Upp Upp War Pro Res Arm Lab Res Acc Machines Accessed 81 | . 8 1 9 3 8 . 1 4 . 3 4 . . 6 11 . . 1 . 4 11 . . 7 Terminals 43 | . 7 . 6 . 2 . . . . 1 4 . . 5 4 . . . . 1 7 . . 6 Fabricators 8 | . . . . . 1 . . . . . . . . . 3 . . . . 2 2 . . . Repair Stations 8 | . 1 . . . 1 . . . . 1 . . . . 3 . . . . . 2 . . . Recycling Units 8 | . . . 3 . 2 . . . . 1 . . . . . . . . . 1 . . . 1 Scanalyzers . | . . . . . . . . . . . . . . . . . . . . . . . . . Garrison Access 4 | . . . . . 2 . . . . . . . . 1 1 . . . . . . . . . Total Hacks 282 | . 28 1 15 15 17 . 1 27 . 4 11 . . 14 56 . . 1 . 15 46 . . 31 Successful 142 | . 12 1 8 15 5 . 1 27 . 3 1 . . 6 25 . . 1 . 10 18 . . 9 Failed 139 | . 15 . 7 . 12 . . . . 1 10 . . 8 31 . . . . 5 28 . . 22 Catastrophic 33 | . 2 . 2 . 3 . . . . 1 2 . . 1 6 . . . . . 6 . . 10 Database Lockouts 1 | . 1 . . . . . . . . . . . . . . . . . . . . . . . Manual 94 | . 11 . 8 . 11 . . . . 1 9 1 . 5 24 . . 1 . 5 10 1 . 7 Terminals 154 | . 25 . 12 . 7 . . . . 1 11 . . 12 24 . . . . 4 29 . . 29 Fabricators 34 | . . . . . 1 . . . . . . . . . 18 . . . . 9 6 . . . Repair Stations 27 | . 3 . . . 2 . . . . 2 . . . . 9 . . . . . 11 . . . Recycling Units 12 | . . . 3 . 4 . . . . 1 . . . . . . . . . 2 . . . 2 Scanalyzers . | . . . . . . . . . . . . . . . . . . . . . . . . . Garrison Access 10 | . . . . . 3 . . . . . . . . 2 5 . . . . . . . . . Terminal Hacks 87 | . 7 1 4 15 2 . 1 27 . 1 . . . 4 8 . . 1 . 2 8 . . 6 Record 28 | . 1 . . 15 . . . 11 . . . . . . . . . . . . 1 . . . Part Schematic 9 | . . . . . . . . 9 . . . . . . . . . . . . . . . . Robot Schematic 5 | . . . 1 . . . . 4 . . . . . . . . . . . . . . . . Robot Analysis 2 | . 2 . . . . . . . . . . . . . . . . . . . . . . . Prototype ID Bank 6 | . 2 . . . 1 . . 3 . . . . . . . . . . . . . . . . Open Door 3 | . . . . . . . 1 . . 1 . . . . . . . 1 . . . . . . Level Access Points 2 | . . . . . . . . . . . . . . . 1 . . . . . . . . 1 Branch Access Points 2 | . . . . . . . . . . . . . . . 1 . . . . . 1 . . . Machine Index 1 | . . . . . . . . . . . . . . . . . . . . . 1 . . . Terminal Index 3 | . . . . . 1 . . . . . . . . . 1 . . . . . . . . 1 Fabricator Index 1 | . . . . . . . . . . . . . . . 1 . . . . . . . . . Recycling Unit Index 1 | . . . . . . . . . . . . . . . . . . . . 1 . . . . Alert Level 4 | . . . . . . . . . . . . . . 1 2 . . . . . 1 . . . Unreport Threat 6 | . . . . . . . . . . . . . . 2 1 . . . . . 2 . . 1 Locate Traps 2 | . . . . . . . . . . . . . . . . . . . . . 2 . . . Dispatch Records 1 | . . . 1 . . . . . . . . . . . . . . . . . . . . . Patrol Status 1 | . 1 . . . . . . . . . . . . . . . . . . . . . . . Recall Extermination 1 | . . . . . . . . . . . . . . . 1 . . . . . . . . . Hauler Manifests 1 | . . . . . . . . . . . . . . . . . . . . 1 . . . . Zone Layout 7 | . 1 . 2 . . . . . . . . . . 1 . . . . . . . . . 3 Derelict Proto ID Bank 1 | . . 1 . . . . . . . . . . . . . . . . . . . . . . Fabricator Hacks 14 | . . . . . . . . . . . . . . . 6 . . . . 5 3 . . . Network Status 1 | . . . . . . . . . . . . . . . . . . . . 1 . . . . Load Schematic 6 | . . . . . . . . . . . . . . . 3 . . . . 2 1 . . . Build 7 | . . . . . . . . . . . . . . . 3 . . . . 2 2 . . . Repair Station Hacks 13 | . 2 . . . . . . . . 2 . . . . 4 . . . . . 5 . . . Scan Component 8 | . 1 . . . . . . . . 1 . . . . 3 . . . . . 3 . . . Repair 5 | . 1 . . . . . . . . 1 . . . . 1 . . . . . 2 . . . Recycling Unit Hacks . | . . . . . . . . . . . . . . . . . . . . . . . . . Scanalyzer . | . . . . . . . . . . . . . . . . . . . . . . . . . Garrison Access Hacks 1 | . . . . . . . . . . . . . . . 1 . . . . . . . . . Seal Access 1 | . . . . . . . . . . . . . . . 1 . . . . . . . . . Unauthorized Hacks 27 | . 3 . 4 . 3 . . . . . 1 . . 2 6 . . . . 3 2 . . 3 Terminals 14 | . 3 . 1 . 1 . . . . . 1 . . 2 1 . . . . 1 2 . . 2 Assimilate 2 | . 1 . . . . . . . . . . . . . . . . . . . 1 . . . Botnet 7 | . 1 . . . 1 . . . . . 1 . . . 1 . . . . 1 . . . 2 Disrupt 1 | . . . . . . . . . . . . . . . . . . . . . 1 . . . Operators 1 | . 1 . . . . . . . . . . . . . . . . . . . . . . . Sabotage 2 | . . . . . . . . . . . . . . 2 . . . . . . . . . . Search 1 | . . . 1 . . . . . . . . . . . . . . . . . . . . . Fabricators 5 | . . . . . . . . . . . . . . . 4 . . . . 1 . . . . Prioritize 3 | . . . . . . . . . . . . . . . 2 . . . . 1 . . . . Liberate 1 | . . . . . . . . . . . . . . . 1 . . . . . . . . . Haulers 1 | . . . . . . . . . . . . . . . 1 . . . . . . . . . Repair Stations 5 | . . . . . 2 . . . . . . . . . 1 . . . . 1 . . . 1 Patch 2 | . . . . . 1 . . . . . . . . . 1 . . . . . . . . . Recycling Units 3 | . . . 3 . . . . . . . . . . . . . . . . . . . . . Tunnel 3 | . . . 3 . . . . . . . . . . . . . . . . . . . . . Scrapoids 3 | . . . . . 1 . . . . . . . . . . . . . . 1 . . . 1 Scanalyzers . | . . . . . . . . . . . . . . . . . . . . . . . . . Garrison Access . | . . . . . . . . . . . . . . . . . . . . . . . . . Data Cores Recovered 3 | . . . . . 1 . . . . . . . . 1 1 . . . . . . . . . Used 2 | . . . . . . . . . . . . . . 1 1 . . . . . . . . . Hacking Detections 57 | . 8 . 5 . 8 . . . . 2 4 1 . 4 8 . . . . 3 9 . . 5 Full Trace Events 11 | . 1 . . . 1 . . . . . 1 . . . 4 . . . . 2 1 . . 1 Feedback Events . | . . . . . . . . . . . . . . . . . . . . . . . . . Feedback Blocked . | . . . . . . . . . . . . . . . . . . . . . . . . . Robot Schematics Acquired 5 | . . . 1 . . . . 4 . . . . . . . . . . . . . . . . Robots Built 8 | . . . . . . . . . . . . . . . 3 . . . . 2 3 . . . Authchips . | . . . . . . . . . . . . . . . . . . . . . . . . . Time 347 | . . . . . . . . . . . . . . . 145 . . . . 96 106 . . . Total Robot Build Rating 34 | . . . . . . . . . . . . . . . 9 . . . . 6 19 . . . Part Schematics Acquired 9 | . . . . . . . . 9 . . . . . . . . . . . . . . . . Parts Built . | . . . . . . . . . . . . . . . . . . . . . . . . . Authchips . | . . . . . . . . . . . . . . . . . . . . . . . . . Time . | . . . . . . . . . . . . . . . . . . . . . . . . . Total Part Build Rating . | . . . . . . . . . . . . . . . . . . . . . . . . . Parts Repaired 5 | . 1 . . . . . . . . 1 . . . . 1 . . . . . 2 . . . Time 319 | . 26 . . . . . . . . 70 . . . . 124 . . . . . 99 . . . Parts Recycled . | . . . . . . . . . . . . . . . . . . . . . . . . . Recycled Matter . | . . . . . . . . . . . . . . . . . . . . . . . . . Retrieved Matter . | . . . . . . . . . . . . . . . . . . . . . . . . . Retrieved Components . | . . . . . . . . . . . . . . . . . . . . . . . . . Parts Scanalyzed . | . . . . . . . . . . . . . . . . . . . . . . . . . Part Schematics Acquired . | . . . . . . . . . . . . . . . . . . . . . . . . . Parts Damaged . | . . . . . . . . . . . . . . . . . . . . . . . . . Bothacking | -11 -10 -10 -8 -8 -6 -6 -6 -6 -5 -5 -5 -5 -5 -5 -4 -4 -4 -4 -3 -3 -3 -3 -2 -1 ------------ Run | Yrd Mat Sub Rec Scr Fac Low Low Dat Pro Fac Ext Cet Arc Hub Fac Upp Upp War Pro Res Arm Lab Res Acc Used RIF Installer . | . . . . . . . . . . . . . . . . . . . . . . . . . Robots Hacked 2 | . . . . . . . . . . . . . . . 2 . . . . . . . . . Non-combat . | . . . . . . . . . . . . . . . . . . . . . . . . . Combat . | . . . . . . . . . . . . . . . . . . . . . . . . . Robot Hacks Applied . | . . . . . . . . . . . . . . . . . . . . . . . . . Manual 2 | . . . . . . . . . . . . . . . 2 . . . . . . . . . Relay Couplers Released 1 | . . . . . 1 . . . . . . . . . . . . . . . . . . . Machine Destruction 1 | . . . . . 1 . . . . . . . . . . . . . . . . . . . Fabnet Peak Effective % . | . . . . . . . . . . . . . . . . . . . . . . . . . Robots Rewired 23 | . . . . . . . . . . . 23 . . . . . . . . . . . . . Allies Hacked 1 | . . . . . . . . . . . . . . . . . . . . . . . . 1 Hacks Repelled . | . . . . . . . . . . . . . . . . . . . . . . . . . Allies | -11 -10 -10 -8 -8 -6 -6 -6 -6 -5 -5 -5 -5 -5 -5 -4 -4 -4 -4 -3 -3 -3 -3 -2 -1 -------- Run | Yrd Mat Sub Rec Scr Fac Low Low Dat Pro Fac Ext Cet Arc Hub Fac Upp Upp War Pro Res Arm Lab Res Acc Total Allies 70 | . 1 . . . 5 . . . . . 35 5 . . 8 . . . . 7 4 . . 5 Largest Group 18 | . 1 1 . . 5 . . . . . 17 18 17 14 4 . . . . 6 3 . . 5 Highest-Rated Group 929 | . 10 9 . . 143 . . . . . 602 929 786 670 164 . . . . 343 192 . . 326 Highest-Rated Ally 159 | . 10 9 . . 31 . . . . . 159 159 96 96 47 . . . . 64 64 . . 67 Total Orders 16 | . . . . . . . . . . . . . 2 . 9 . . . . 4 1 . . . STAY 6 | . . . . . . . . . . . . . 1 . 4 . . . . 1 . . . . FOLLOW 2 | . . . . . . . . . . . . . 1 . . . . . . 1 . . . . AID 8 | . . . . . . . . . . . . . . . 5 . . . . 2 1 . . . Ally Attacks 504 | . . . . . 4 . . . . . 160 35 34 81 8 . . . . 43 116 . . 23 Total Damage 11574 | . . . . . 48 . . . . . 3144 884 861 2069 172 . . . . 1070 2622 . . 704 Kills 64 | . . . . . . . . . . . 18 8 3 14 . . . . . 4 14 . . 3 Allies Corrupted 6 | . . . . . . . . . . . . . . 3 . . . . . 1 1 . . 1 Allies Melted . | . . . . . . . . . . . . . . . . . . . . . . . . . Intel | -11 -10 -10 -8 -8 -6 -6 -6 -6 -5 -5 -5 -5 -5 -5 -4 -4 -4 -4 -3 -3 -3 -3 -2 -1 ------- Run | Yrd Mat Sub Rec Scr Fac Low Low Dat Pro Fac Ext Cet Arc Hub Fac Upp Upp War Pro Res Arm Lab Res Acc Robot Analysis Total 2 | . 2 . . . . . . . . . . . . . . . . . . . . . . . Derelict Logs Recovered 6 | . . . . 2 . 1 2 . . . . . . . . . 1 . . . . . . . Drone Launches . | . . . . . . . . . . . . . . . . . . . . . . . . . Drone Recoveries . | . . . . . . . . . . . . . . . . . . . . . . . . . Exploration | -11 -10 -10 -8 -8 -6 -6 -6 -6 -5 -5 -5 -5 -5 -5 -4 -4 -4 -4 -3 -3 -3 -3 -2 -1 ------------- Run | Yrd Mat Sub Rec Scr Fac Low Low Dat Pro Fac Ext Cet Arc Hub Fac Upp Upp War Pro Res Arm Lab Res Acc Turns Passed 32766 | 62 1725 3474 1403 4153 2980 648 1131 116 1140 942 2340 430 1266 760 2711 592 537 818 877 1773 2125 7 347 409 Spaces Moved 15668 | 42 749 1939 850 1640 1255 536 728 78 580 354 872 198 250 395 1090 348 289 392 488 483 854 17 718 523 Core 302 | 23 . . . . 1 . . . . . . . . . . . . . . . 4 . 39 235 Treads 10102 | 19 749 1788 850 1640 83 . . . . . 308 198 250 395 1090 348 289 392 488 483 732 . . . Legs 1731 | . . . . . 595 . . . 431 254 451 . . . . . . . . . . . . . Wheels 2431 | . . 151 . . 576 536 728 78 149 100 113 . . . . . . . . . . . . . Hover . | . . . . . . . . . . . . . . . . . . . . . . . . . Flight 1102 | . . . . . . . . . . . . . . . . . . . . . 118 17 679 288 Fastest Speed 37 | 50 160 110 160 160 102 110 110 150 150 190 120 160 160 160 155 160 160 160 151 150 40 40 37 37 Average Speed 162 | 130 160 157 160 252 163 110 133 150 180 219 201 164 160 160 156 160 160 180 168 151 154 40 40 64 Slowest Speed 1650 | 160 160 240 160 340 1650 110 150 150 260 260 400 240 160 160 160 160 160 240 240 240 312 40 50 150 Overloaded Moves . | . . . . . . . . . . . . . . . . . . . . . . . . . Propulsion Burnouts . | . . . . . . . . . . . . . . . . . . . . . . . . . Robots Hopped 29 | . . . . . . . . . . . . . . 1 . . . . . . 7 . 15 6 Cave-ins Triggered . | . . . . . . . . . . . . . . . . . . . . . . . . . Exploration Rate (%) 56 | 4 98 75 99 95 31 77 87 74 74 13 84 60 93 47 37 56 50 54 76 25 60 6 27 15 Regions Visited 24 Branch Regions 17 Pre-discovered Areas 5 | . . . 3 . . . . 1 . . . . . . . . 1 . . . . . . . Known Exits Taken 4 | . . . . . . . . . . . . . . . 1 1 . . 1 1 . . . . Unknown Exits Taken 20 | 1 1 1 1 1 1 1 1 1 1 1 1 1 1 1 . . 1 1 . . 1 1 1 . Scrap Searched 31 | . . 9 . 6 . 1 5 . . . . . . . . 3 2 . 5 . . . . . Spaces Dug 83 | . . 3 . . 5 . 2 . . . . . . . 16 . 1 . 20 12 17 . 4 3 Terrain Destroyed 920 | . . 4 3 . 99 . 8 . . . . . 8 182 192 2 12 136 125 28 102 . 5 14 Melee 4 | . . 3 . . 1 . . . . . . . . . . . . . . . . . . . Projectile 286 | . . 1 3 . 40 . . . . . . . 8 15 95 2 12 7 3 2 90 . 5 3 AOE 618 | . . . . . 58 . . . . . . . . 167 97 . . 129 122 26 8 . . 11 Terrain Rammed . | . . . . . . . . . . . . . . . . . . . . . . . . . Walls Destroyed . | . . . . . . . . . . . . . . . . . . . . . . . . . Machines Disabled . | . . . . . . . . . . . . . . . . . . . . . . . . . Actions | -11 -10 -10 -8 -8 -6 -6 -6 -6 -5 -5 -5 -5 -5 -5 -4 -4 -4 -4 -3 -3 -3 -3 -2 -1 --------- Run | Yrd Mat Sub Rec Scr Fac Low Low Dat Pro Fac Ext Cet Arc Hub Fac Upp Upp War Pro Res Arm Lab Res Acc Total 21101 | 47 1126 2220 877 1661 1757 574 841 77 645 463 1308 290 1071 467 1814 371 336 486 526 1473 1320 16 753 582 Wait 3314 | . 233 142 4 6 110 19 49 . 42 67 57 47 782 18 476 11 25 29 13 915 210 . 30 29 Move 15587 | 41 748 1938 849 1639 1254 535 727 77 579 353 871 197 249 392 1089 347 288 391 487 482 839 16 688 511 Hop 27 | . . . . . . . . . . . . . . 1 . . . . . . 7 . 14 5 Pick Up 166 | 1 12 20 4 9 34 3 8 . 2 4 11 7 3 3 9 3 3 8 1 11 7 . 2 1 Fast Attach 144 | 5 2 6 2 . 41 . 1 . 2 2 19 4 3 5 9 1 . 5 1 11 12 . 6 7 Attach 105 | . 1 2 1 . 27 4 3 . 1 4 6 1 1 . 15 1 2 6 4 4 15 . 3 4 Detach 43 | . . 3 . . 11 1 . . . . 1 . 2 1 2 . . 9 2 2 2 . 2 5 Swap 178 | . 9 9 . 3 18 . 8 . 6 5 25 7 1 8 37 4 4 4 . 8 22 . . . Drop 159 | . 3 17 5 4 25 3 7 . 1 3 30 16 4 7 8 . . 9 . 8 4 . 2 3 Fire 997 | . 64 67 9 . 179 9 37 . 11 24 84 11 26 29 162 4 12 25 18 32 184 . 6 4 Melee 61 | . 7 8 . . 46 . . . . . . . . . . . . . . . . . . . Ram 5 | . . . . . 2 . . . . . . . . . . . . . . . . . . 3 Kick 7 | . . . . . 5 . . . . 1 1 . . . . . . . . . . . . . Crush 19 | . 6 . 3 . 1 . . . . . 1 . . 3 5 . . . . . . . . . Escape Stasis 42 | . . . . . 4 . . . . . 15 . . . . . . . . . 13 . . 10 Rewire 189 | . . . . . . . . . . . 187 . . . . . 2 . . . . . . . Trap 50 | . 41 1 . . . . 1 . . . . . . . 2 . . . . . 5 . . . Miscellaneous 8 | . . 7 . . . . . . 1 . . . . . . . . . . . . . . . Route ------- -11/Scrapyard -10/Materials (discovered 6 exits: [*Mat x3] / [*Min x2] / *Sub) -10/Subcaves (discovered 3 exits: [*Mat x2] / *Rec) -8/Recycling (discovered 2 exits: *Fac / *Scr) -8/Scraptown (discovered 2 exits: *Fac x2) -6/Factory -6/Lower Caves -6/Lower Caves (discovered 2 exits: *Fac / *Dat) -6/Data Miner -5/Proximity Caves -5/Factory (discovered 2 exits: Upp / *Ext) -5/Extension (discovered 2 exits: *Fac / *Cet) -5/Cetus (discovered 2 exits: *Fac / [*Arc]) -5/Archives (discovered 3 exits: *Fac / *Hub x2) -5/Hub_04(d) -4/Factory (discovered 6 exits: *Res x4 / *Upp x2) -4/Upper Caves -4/Upper Caves -4/Warlord -3/Proximity Caves -3/Research -3/Armory -3/Lab -2/Research -1/Access To Epsilon Eridani History --------- Turn | Location | Event 2 | -11/Scrapyard | Discovered new exit (range 16) 63 | -11/Scrapyard | Entered Materials 301 | -10/Materials | Build established: Mutant 394 | -10/Materials | Discovered new exit (range 14) 537 | -10/Materials | Central database locked down 759 | -10/Materials | Discovered new exit (range 8) 983 | -10/Materials | Discovered new exit (range 12) 1121 | -10/Materials | Repaired Lgt. Treads 1525 | -10/Materials | Discovered new exit (range 15) 1618 | -10/Materials | Discovered new exit (range 16) 1782 | -10/Materials | Discovered new exit (range 3) 1788 | -10/Materials | Entered Subcaves 1788 | -10/Subcaves | Accompanied by 1 ally 2022 | -10/Subcaves | Discovered new exit (range 15) 2201 | -10/Subcaves | Discovered new exit (range 14) 2460 | -10/Subcaves | Disturbed a concealed Subdweller 3116 | -10/Subcaves | Build established: Derelict-Mutant 3375 | -10/Subcaves | Discovered new exit (range 13) 3426 | -10/Subcaves | A swath of the cavern ceiling suddenly collapsed 3719 | -10/Subcaves | Core integrity fell below 50% 3928 | -10/Subcaves | Visited 4L-MR0's lab 3945 | -10/Subcaves | Found Tower Shield 5262 | -10/Subcaves | Entered Recycling 5705 | -8/Recycling | Discovered new exit (range 15) 6590 | -8/Recycling | Build established: Mutant 6627 | -8/Recycling | Scanned before Scraplab entrance 6649 | -8/Recycling | Entered Scraplab 6662 | -8/Recycling | Discovered new exit (range 2) 6665 | -8/Recycling | Entered Scraptown 6834 | -8/Scraptown | Heard Great Nut preacher, LISTEN AND RECITE! 7380 | -8/Scraptown | Scanned Subdweller tech in exchange for log data 7388 | -8/Scraptown | Learned location of 1 exit from Upper Caves 7390 | -8/Scraptown | Learned location of 1 exit from Research 7425 | -8/Scraptown | Discovered new exit (range 7) 7685 | -8/Scraptown | Visited Symbiants 7768 | -8/Scraptown | Visited The Evicted 7920 | -8/Scraptown | Visited Red Mages 8038 | -8/Scraptown | Visited Cyclists 8103 | -8/Scraptown | Visited Shadow of the Wyrm 8520 | -8/Scraptown | Visited TADAMA 8574 | -8/Scraptown | Visited Fellowship of the Rings 8649 | -8/Scraptown | Visited UFD Registry 8649 | -8/Scraptown | Registered with UFD as "Chainboard" 8761 | -8/Scraptown | Entered Cyclist Reading Room 8946 | -8/Scraptown | Visited Chapter 10 9099 | -8/Scraptown | Visited Infowarlord's Domain 9189 | -8/Scraptown | Visited Abandonware Association 9229 | -8/Scraptown | Learned abandonware demo "REPAIR.EXE" 9229 | -8/Scraptown | Learned abandonware demo "REVENGE.EXE" 9384 | -8/Scraptown | Visited Research Penetration Think Tank 9436 | -8/Scraptown | Visited Supply Room 9491 | -8/Scraptown | Visited Derelict Rescue Squad 9546 | -8/Scraptown | Visited A0-MCA Data Center 9586 | -8/Scraptown | Visited Scrapoid Research Area 9751 | -8/Scraptown | Delivered Scrap Shield to a Scientist 10040 | -8/Scraptown | Found DRS Beacon 10121 | -8/Scraptown | Given a B- rating by A0-MCA 10126 | -8/Scraptown | Found A0-MCA's Component Scanner 10325 | -8/Scraptown | Visited Scrap Suit Storage 10636 | -8/Scraptown | Found Exp. Sensor Array 10797 | -8/Scraptown | Discovered new exit (range 3) 10818 | -8/Scraptown | Entered Factory 10818 | -6/Factory | Evolved 8 slots: Power x1, Propulsion x2, Utility x3, Weapon x2 10819 | -6/Factory | Attached Tower Shield, gained temporary slots: Power, Propulsion x2, Utility x2, Weapon x2 11112 | -6/Factory | Build established: Tank 11247 | -6/Factory | Lost 3 parts (1n2u) 11367 | -6/Factory | Lost 8 parts (2p4n1u1w) 11494 | -6/Factory | Discovered new exit (range 15) 11665 | -6/Factory | Build established: Scavenger-Mutant 11734 | -6/Factory | Lost 4 parts (1p2n1w) 11932 | -6/Factory | Lost 5 parts (2p1n2u) 12000 | -6/Factory | Build established: Mutant 12148 | -6/Factory | Lost 3 parts (1p1n1u) 12716 | -6/Factory | Build established: Skirmisher 12918 | -6/Factory | First assault squad dispatched 12920 | -6/Factory | Scrapoid reinforcements arrived 12982 | -6/Factory | Lost 5 allies 13045 | -6/Factory | Found Scrap Suit 13533 | -6/Factory | Garrison activated, responded to threat 13593 | -6/Factory | Build established: Scavenger-Tank 13746 | -6/Factory | System corruption reached 10% 13798 | -6/Factory | Entered Lower Caves 13800 | -6/Lower Caves | UFD Scientist delivered a prototype 13800 | -6/Lower Caves | Attracted the attention of an 0b10 checkpoint 13800 | -6/Lower Caves | Core integrity fell below 50% 13822 | -6/Lower Caves | Found Prototype Protection 13971 | -6/Lower Caves | Encountered a Warlord checkpoint 14004 | -6/Lower Caves | P-60 Hacker assimilated allied QK-CKA(M) 14125 | -6/Lower Caves | Build established: Scavenger-Skirmisher 14385 | -6/Lower Caves | Discovered new exit (range 6) 14446 | -6/Lower Caves | Entered another Lower Caves area 14456 | -6/Lower Caves | Discovered new exit (range 17) 14537 | -6/Lower Caves | Learned Factory garrison access intel 14704 | -6/Lower Caves | Spotted B-75 Beast 14945 | -6/Lower Caves | Destroyed B-75 Beast 14975 | -6/Lower Caves | Lost 3 parts (2n1w) 15121 | -6/Lower Caves | Attracted the attention of an 0b10 checkpoint 15153 | -6/Lower Caves | Learned 8 Factory zone layouts 15204 | -6/Lower Caves | Build established: Gunner 15404 | -6/Lower Caves | Discovered new exit (range 17) 15422 | -6/Lower Caves | Ambushed by wild Derelicts 15577 | -6/Lower Caves | Entered Data Miner 15577 | -6/Data Miner | Discovered new exit (range 6) 15597 | -6/Data Miner | Met Data Miner 15631 | -6/Data Miner | Learned location of Section 7 (-2) 15631 | -6/Data Miner | Acquired the access code to Warlord's prototype stash 15658 | -6/Data Miner | Received God Mode back door access code from Data Miner 15693 | -6/Data Miner | Entered Proximity Caves 15696 | -5/Proximity Caves | Activated DRS Beacon 15813 | -5/Proximity Caves | Spotter reported a threat 16025 | -5/Proximity Caves | Lost 3 allies 16091 | -5/Proximity Caves | Attracted the attention of an 0b10 checkpoint 16570 | -5/Proximity Caves | Build established: Scavenger-Skirmisher 16810 | -5/Proximity Caves | Discovered new exit (range 9) 16833 | -5/Proximity Caves | Entered Factory 16833 | -5/Factory | Evolved 2 slots: Propulsion x1, Utility x1 16834 | -5/Factory | Identified exit to Upper Caves 16836 | -5/Factory | Loaded intel: 4 garrison access locations 16978 | -5/Factory | Garrison activated, responded to threat 17007 | -5/Factory | Lost 3 parts (1n2w) 17143 | -5/Factory | Repaired Imp. Spread Laser 17513 | -5/Factory | Lost 3 parts (1n1u1w) 17765 | -5/Factory | Discovered new exit (range 6) 17775 | -5/Factory | Entered Extension 17909 | -5/Extension | Build established: Scavenger-Tank 17925 | -5/Extension | Disrupted transfer network 17928 | -5/Extension | Rescued a captive Derelict 17985 | -5/Extension | Rescued a captive Derelict 17985 | -5/Extension | Rescued a captive Derelict 18219 | -5/Extension | Rescued a captive Derelict 18390 | -5/Extension | Spotted B-75 Beast 18546 | -5/Extension | Build established: Scavenger-Gunner 18940 | -5/Extension | Rescued a captive Derelict 18941 | -5/Extension | Rescued a captive Derelict 18956 | -5/Extension | Build established: Commander-Gunner 19125 | -5/Extension | Spotted B-75 Beast 19142 | -5/Extension | Destroyed B-75 Beast 19159 | -5/Extension | Allies destroyed B-75 Beast 19213 | -5/Extension | Lost 11 allies 19253 | -5/Extension | Destroyed 8 combat bots 19260 | -5/Extension | Lost 11 parts (2p4n2u3w) 19476 | -5/Extension | Rescued a captive Derelict 19477 | -5/Extension | Rescued a captive Derelict 19534 | -5/Extension | Build established: Scavenger-Tank 19589 | -5/Extension | Rescued a captive Derelict 19603 | -5/Extension | Rescued a captive Derelict 19669 | -5/Extension | Rescued a captive Derelict 19971 | -5/Extension | Rescued A7 20061 | -5/Extension | Discovered new exit (range 10) 20063 | -5/Extension | Discovered new exit (range 6) 20090 | -5/Extension | Found Imp. Powered Armor 20114 | -5/Extension | Build established: Commander-Tank 20115 | -5/Extension | Entered Cetus 20115 | -5/Cetus | Accompanied by 17 allies (A7) 20120 | -5/Cetus | Acquired a Cetus Manufacturing Module code from A7 20131 | -5/Cetus | Spotted Cetus Guard 20132 | -5/Cetus | Spotted Cetus Guard 20134 | -5/Cetus | Spotted Cetus Guard 20136 | -5/Cetus | Spotted Cetus Guard 20140 | -5/Cetus | Allies destroyed Cetus Guard 20146 | -5/Cetus | Allies destroyed Cetus Guard 20152 | -5/Cetus | Destroyed Cetus Guard 20158 | -5/Cetus | Allies destroyed Cetus Guard 20292 | -5/Cetus | Started Cetus Manufacturing Module 20302 | -5/Cetus | Discovered new exit (range 22) 20317 | -5/Cetus | Manufactured an Enhanced Grunt 20332 | -5/Cetus | Spotted Cetus Guard 20334 | -5/Cetus | Spotted Cetus Guard 20339 | -5/Cetus | Spotted Cetus Guard 20341 | -5/Cetus | Spotted Cetus Guard 20342 | -5/Cetus | Manufactured an Enhanced Grunt 20343 | -5/Cetus | Allies destroyed Cetus Guard 20344 | -5/Cetus | Discovered new exit (range 21) 20347 | -5/Cetus | Allies destroyed Cetus Guard 20356 | -5/Cetus | Destroyed Cetus Guard 20359 | -5/Cetus | Allies destroyed Cetus Guard 20367 | -5/Cetus | Manufactured an Enhanced Grunt 20373 | -5/Cetus | Met Revision 17 20392 | -5/Cetus | Manufactured an Enhanced Grunt 20417 | -5/Cetus | Manufactured an Enhanced Grunt 20545 | -5/Cetus | Entered Archives 20545 | -5/Archives | Accompanied by 18 allies (A7) 20573 | -5/Archives | Discovered new exit (range 22) 20711 | -5/Archives | Discovered new exit (range 19) 20715 | -5/Archives | Discovered new exit (range 18) 21236 | -5/Archives | Build established: Commander-Skirmisher 21811 | -5/Archives | Entered Hub_04(d) 21811 | -5/Hub_04(d) | Accompanied by 14 allies 22013 | -5/Hub_04(d) | Network Hub disabled 22114 | -5/Hub_04(d) | Build established: Commander-Tank 22264 | -5/Hub_04(d) | Discovered new exit (range 11) 22280 | -5/Hub_04(d) | Network Hub disabled 22344 | -5/Hub_04(d) | Spotted Lightning 22345 | -5/Hub_04(d) | Spotted Lightning 22345 | -5/Hub_04(d) | Spotted Lightning 22369 | -5/Hub_04(d) | System corruption reached 10% 22381 | -5/Hub_04(d) | Destroyed Lightning 22385 | -5/Hub_04(d) | Destroyed Lightning 22393 | -5/Hub_04(d) | Lost 12 allies 22396 | -5/Hub_04(d) | Destroyed Lightning 22450 | -5/Hub_04(d) | Found Prototype Processor 22450 | -5/Hub_04(d) | Identified Exp. Targeting Computer 22461 | -5/Hub_04(d) | Found Prototype Device 22462 | -5/Hub_04(d) | Identified Exp. EM Disruption Field 22521 | -5/Hub_04(d) | Network Hub disabled 22565 | -5/Hub_04(d) | Garrison activated, responded to threat 22571 | -5/Hub_04(d) | Entered Factory 22571 | -4/Factory | Evolved 2 slots: Utility x2 22877 | -4/Factory | Identified exit to Upper Caves 22878 | -4/Factory | Build established: Scavenger-Tank 23001 | -4/Factory | Fabricated M-28 Smith? 23047 | -4/Factory | Lost 3 allies 23293 | -4/Factory | Discovered new exit (range 20) 23336 | -4/Factory | Build established: Scavenger-Gunner 23556 | -4/Factory | Identified exit to Research 23571 | -4/Factory | First assault squad dispatched 23602 | -4/Factory | Fabricated M-28 Smith (x1) 23868 | -4/Factory | Repaired Broken Adv. KE Penetrator 24456 | -4/Factory | Destroyed 8 combat bots 24823 | -4/Factory | System corruption reached 10% 24860 | -4/Factory | P-70 Sage assimilated allied M-28 Smith 24983 | -4/Factory | Destroyed 11 combat bots 25051 | -4/Factory | Lost 9 parts (2p3n2u2w) 25262 | -4/Factory | Fabricated M-28 Smith? 25282 | -4/Factory | Entered Upper Caves 25283 | -4/Upper Caves | Identified exit to Upper Caves 25621 | -4/Upper Caves | Build established: Scavenger-Tank 25629 | -4/Upper Caves | Spotted B-86 Titan 25870 | -4/Upper Caves | Attracted the attention of an 0b10 checkpoint 25874 | -4/Upper Caves | Entered another Upper Caves area 26155 | -4/Upper Caves | Found Alien Artifact 26156 | -4/Upper Caves | Identified Core Expander 26156 | -4/Upper Caves | Installed Core Expander, added new Power slot 26373 | -4/Upper Caves | Learned location of Quarantine (-3) 26385 | -4/Upper Caves | Discovered new exit (range 7) 26411 | -4/Upper Caves | Entered Warlord 26464 | -4/Warlord | System corruption cleaned by Quarantine Array 26648 | -4/Warlord | Rebuked by Warlord 26673 | -4/Warlord | Warlord's base attacked by MAIN.C 26674 | -4/Warlord | Opened Warlord's prototype stash 26680 | -4/Warlord | Found Spectral Analyzer 26683 | -4/Warlord | Found Prototype Device 26684 | -4/Warlord | Identified Thermal Barrier 26692 | -4/Warlord | Found Prototype Hackware 26701 | -4/Warlord | Found Prototype Reactor 26701 | -4/Warlord | Identified Vortex Chain Reactor 26935 | -4/Warlord | Found Prototype Energy Gun 26935 | -4/Warlord | Identified Vortex Rail 26939 | -4/Warlord | Found Vortex Rail 26945 | -4/Warlord | Found Prototype Energy Gun 26945 | -4/Warlord | Identified Vortex Rifle 26949 | -4/Warlord | Found Vortex Rifle 27023 | -4/Warlord | Warlord forces counterattacked 27036 | -4/Warlord | Spotted Executioner 27042 | -4/Warlord | Spotted Striker 27101 | -4/Warlord | Lost 7 allies 27102 | -4/Warlord | Spotted B-90 Cyclops 27104 | -4/Warlord | Spotted B-86 Titan 27112 | -4/Warlord | Destroyed B-90 Cyclops 27114 | -4/Warlord | Spotted Striker 27119 | -4/Warlord | Spotted Striker 27160 | -4/Warlord | Lost 4 allies 27185 | -4/Warlord | Destroyed Striker 27187 | -4/Warlord | Discovered new exit (range 14) 27206 | -4/Warlord | Destroyed 9 combat bots 27229 | -4/Warlord | Entered Proximity Caves 27245 | -3/Proximity Caves | Unaware initiated a cargo recovery operation 27551 | -3/Proximity Caves | Encountered a Derelict guarding a broken Freighter 28080 | -3/Proximity Caves | Discovered exit to Research (range 9) 28106 | -3/Proximity Caves | Entered Research 28106 | -3/Research | Evolved 2 slots: Propulsion x1, Utility x1 28107 | -3/Research | Identified exit to Armory 28135 | -3/Research | Identified System Mapper 28236 | -3/Research | Fabricated M-28 Smith? 28306 | -3/Research | Revision forces began assault on 0b10 28362 | -3/Research | Met up with Revision 17++ 28628 | -3/Research | Scrapoids reinforcements arrived? 28651 | -3/Research | Found Prototype Launcher 28652 | -3/Research | Identified Tesla Bomb Launcher 28780 | -3/Research | Fabricated M-28 Smith (x1) 28806 | -3/Research | Research terminal network offline 28891 | -3/Research | Spotted Striker 28891 | -3/Research | Spotted Striker 28900 | -3/Research | Spotted Executioner 28908 | -3/Research | Destroyed Executioner 28931 | -3/Research | Destroyed 8 combat bots 28940 | -3/Research | Lost 6 allies 29879 | -3/Research | Entered Armory 29879 | -3/Armory | Accompanied by 3 allies 30234 | -3/Armory | P-80 Master assimilated allied 03R09-D 30352 | -3/Armory | Fabricated Y-72 Warden? 30379 | -3/Armory | First assault squad dispatched 30555 | -3/Armory | Repaired Centrium Heavy Treads 30566 | -3/Armory | Repaired Broken Centrium Heavy Treads 31115 | -3/Armory | Build established: Scavenger-Gunner 31491 | -3/Armory | Build established: Scavenger-Skirmisher 31639 | -3/Armory | Fabricated M-28 Smith (x1) 31642 | -3/Armory | System corruption reached 10% 31705 | -3/Armory | Lost 5 parts (1n3u1w) 31714 | -3/Armory | Destroyed 9 combat bots 31768 | -3/Armory | Spotted Armor Guard 31768 | -3/Armory | Spotted Armor Guard 31783 | -3/Armory | Destroyed Armor Guard 31797 | -3/Armory | Destroyed Armor Guard 31828 | -3/Armory | Lost 5 parts (2p1n1u1w) 31832 | -3/Armory | Spotted Armor Guard 31832 | -3/Armory | Spotted Armor Guard 31911 | -3/Armory | Released all parts (11) 31940 | -3/Armory | Lost 8 parts (2p3n1u2w) 31945 | -3/Armory | Breached Obliterator storage 32003 | -3/Armory | Discovered new exit (range 3) 32004 | -3/Armory | Entered Lab 32004 | -3/Lab | Discovered new exit (range 9) 32010 | -3/Lab | Unable to decrypt terminal 32011 | -3/Lab | Entered Research 32011 | -2/Research | Evolved 2 slots: Propulsion x1, Utility x1 32102 | -2/Research | Spotted B-90 Cyclops 32212 | -2/Research | Build established: Mutant 32253 | -2/Research | Spotted B-90 Cyclops 32255 | -2/Research | Core integrity fell below 50% 32357 | -2/Research | Discovered new exit (range 5) 32358 | -2/Research | Entered Access 32358 | -1/Access | Evolved 2 slots: Propulsion x1, Utility x1 32431 | -1/Access | Scrapoid reinforcements arrived 32463 | -1/Access | Energy Cycler disabled 32481 | -1/Access | Found Corrupted Unknown Device 32481 | -1/Access | Identified Scrap Suit 32482 | -1/Access | System corruption reached 10% 32509 | -1/Access | Lost 5 allies 32608 | -1/Access | Search patrols dispatched 32696 | -1/Access | Identified exit to Surface 32767 | *** | Escaped! Last Messages --------------- Map updated. >>Alert(Purge) Purged threat record, alert level lowered. 32699_ Dropped Hpw. Tractor Beam. 32703_ Acquired Linear Accelerator. 32714_ System corrupted: Substantial component data lost. 32721_ Slug penetrates Wall. 32723_ U-05 Engineer destroyed. 32723_ Penetrated by Slug. 32725_ Slammed into H-88 Terminator. 32725_ H-88 Terminator knocked back. 32726_ Penetrated by Slug. 32730_ Slug penetrates Wall. 32731_ Penetrated by Slug. 32733_ Slug penetrates Wall. 32734_ Penetrated by Slug. 32742_ System corrupted: Component data lost. 32749_ Slammed into K-01 Serf. 32749_ Destabilizing: Core damaged (-48). 32764_ The Access Shell folds into the floor. Map ----- +----------------------------------------------------+ | ?????????????????????????????????????????????????? | | ?????????????????????????????????????????????????? | | ?????????????????????????????????????????????????? | | ?????????????????????????????????????????????????? | | ?????????????????????????????????????????????????? | | ?????????????????????????????????????????????????? | | ?????????????????????????????????????????????????? | | ?????????????????????????????????????????????????? | | ?????????????????????????????????????????????????? | | ?????????????????????????????????????????????????? | | ?????????????????????????????????????????????????? | | ?????????????????????????????????????????????????? | | ?????????????????????????????????????????????????? | | ?????????????????????????????????????????????????? | | ?????????????????????????????????????????????????? | | ?????????????????????????????????????????????????? | | ?????????????????????????????????????????????????? | | ?????????????????????????????????????????????????? | | ?????????????????????????????????????????????????? | | ????? #??????????????????????????????????????????? | | ???? #????????????#""""""""""#??????????????????? | | ??? #????????????# #??????????????????? | | """ #????????????# #??????????????????? | | """ #????????????# #??????????????????? | | """ #????????????# "" #??????????????????? | | """ #????????????# "@ #??????????????????? | | #????????????# #??????????????????? | | #????????????# #??????????????????? | | ???#########??# #??????????????????? | | ????? #?## ##?????????????????? | | /###### #?# #?????????????????? | | # #?##"" ##?????????????????? | | + #??#"" #??????????????????? | | #### # !== #??#"" #??????????????????? | | ???# # != #??#T #??????????????????? | | ???# #? != #??#"" #??????????????????? | | ???# #? ! #??#"" #??????????????????? | | ???# ##############"" #??????????????????? | | ???# ???????????? | | #??# ???????????? | | #??####+#############################????????????? | | #????????????????????????????????????????????????? | | #????????????????????????????????????????????????? | | #????????????????????????????????????????????????? | | #????????????????????????????????????????????????? | | ?????????????????????????????????????????????????? | | ?????????????????????????????????????????????????? | | ?????????????????????????????????????????????????? | | ?????????????????????????????????????????????????? | | ?????????????????????????????????????????????????? | +----------------------------------------------------+ Best States ------------- Heat Dissipation 87 Coolant Potential 80 Energy Generation 75 Energy Capacity 950 Matter Stores 300 Matter Capacity 300 Sight Range 24 Robot Scan Range 20 Terrain Scan Density 10 Jamming Range 16 Armor Coverage 2600 Resistance: EM 75 Weapon Cycling 20 Evasion (%) 62 Targeting Accuracy 12 Core Analysis 6 Recoil Reduction 6 Kinecelleration 30 Offensive Hacking 32 Defensive Hacking 14 Authchip Count 3 Trap Extractor Capacity 6 Item Schematics ----------------- Combat Drone Bay | -6/Data Miner | Free Lgt. Regenerative Plating | -6/Data Miner | Free Enh. Flexi-carbon Leg | -6/Data Miner | Free Prc. Energy Filter | -6/Data Miner | Free Imp. KE Penetrator | -6/Data Miner | Free Imp. Heavy Treads | -6/Data Miner | Free Adv. Thermal Generator | -6/Data Miner | Free Hvy. Disruptor Cannon | -6/Data Miner | Free Adv. Component Analysis Suite | -6/Data Miner | Free Robot Schematics ------------------ M-28 Smith | -8/Recycling | Hacked L-41 Fighter | -6/Data Miner | Free A-15 Conveyor | -6/Data Miner | Free Y-54 Guardian | -6/Data Miner | Free B-60 Warrior | -6/Data Miner | Free Fabricated ------------ M-28 Smith | x1 | -4/Factory M-28 Smith | x1 | -4/Factory M-28 Smith | x1 | -4/Factory M-28 Smith | x1 | -3/Research M-28 Smith | x1 | -3/Research Y-72 Warden | x2 | -3/Armory | Preloaded M-28 Smith | x1 | -3/Armory Alien Tech Used ----------------- Core Expander Achievements -------------- None Challenges ------------ None Game ------ Seed CooledMicrowarpWarhead Manual? 0 Play Time 03:38:55 Cumulative 455.9 hours Start 2024.08.10 @ 13:27:59 End 2024.08.11 @ 09:12:51 Sessions 9 Manual Loads 0 Difficulty Rogue Special Mode None Game No. 275 Rogue 275 Adventurer 0 Explorer 0 Win Type 0 Total 32 Types 24/2/3/1/1/0/0/1/0 Lore% 74 Gallery% 84 Achievement% 84 Wizard Run 0 Options --------- Layout 0 ASCII 0 Keyboard 1 Movement Numpad Keybinds 0 Fullscreen 2 Font 18/SmallcapsGlow Map View 76x50 Zoom Use 0% Tactical HUD 1 Map Filters NONE Filters NONE Steam 1 RUN: 46ba8c6d-155c-4c91-986f-4962ec8eab2b